Map: Crimson Research Lab LE

Players

Ekelpack - Winner!

  • Race: Zerg Zerg
  • Spawn Location: 11:00

Nyck - Winner!

  • Race: Terran Terran
  • Spawn Location: 11:00

RooX

  • Race: Zerg Zerg
  • League: Diamond
  • Spawn Location: 5:00

Punchedify

  • Race: Terran Terran
  • League: Gold
  • Spawn Location: 5:00

VOD

Have the link to the VOD?

Description

Time

  • Played on: Jan. 29, 2025, 2:31 p.m.
  • Length: 17:29
Show
View Real Time Build Order
Export as new Build Order

Ekelpack Zerg - Winner!

Build Orders: Hatch First 

Get SALT Encoding   

  12  0:00  Drone  
  13  0:12  Overlord  
  13  0:17  Drone  
  14  0:31  Drone x2  
  14  0:34  Drone  
  17  0:52  Hatchery  
  17  0:55  Drone  
  17  1:09  Spawning Pool  
  16  1:11  Drone  
  16  1:14  Extractor  
  16  1:17  Drone  
  17  1:20  Drone  
  18  1:28  Drone  
  19  1:39  Drone  
  20  1:51  Drone  
  21  2:03  Queen  
  21  2:04  Overlord  
  21  2:06  Queen  
  25  2:11  Drone  
  26  2:17  Metabolic Boost  
  26  2:22  Drone  
  27  2:26  Drone  
  27  2:29  Drone  
  29  2:30  Drone  
  30  2:48  Drone x2  
  32  2:51  Lair  
  32  2:53  Drone x2  
  32  2:55  Extractor  
  32  2:58  Drone x2  
  35  3:03  Extractor  
  35  3:04  Overlord  
  34  3:09  Drone  
  35  3:14  Drone  
  35  3:15  Overlord  
  36  3:24  Drone, Extractor  
  36  3:25  Drone x2  
  38  3:27  Drone x2  
  38  3:32  Drone  
  41  3:39  Zergling x2  
  42  3:42  Drone  
  43  3:53  Drone  
  44  3:59  Spire  
  43  4:03  Drone  
  43  4:05  Overlord x2  
  43  4:07  Zergling x6  
  43  4:08  Zergling x2  
  48  4:33  Drone  
  49  5:03  Overlord x3  
  46  5:15  Mutalisk x5  
  46  5:16  Mutalisk x2  
  59  5:23  Mutalisk x3  
  65  5:35  Queen  
  67  5:42  Zerg Flyer Weapons Level 1  
  67  5:46  Hatchery  
  66  5:50  Infestation Pit  
  66  5:54  Drone  
  66  5:56  Drone  
  67  6:02  Mutalisk x4  
  67  6:03  Overlord x2, Mutalisk  
  60  6:33  Mutalisk x2  
  60  6:34  Zergling x2, Mutalisk  
  60  6:35  Zergling x12  
  71  6:48  Drone x2  
  73  6:54  Queen  
  73  6:57  Queen  
  73  6:59  Drone  
  78  7:02  Drone  
  79  7:09  Drone  
  79  7:10  Drone  
  79  7:11  Hive  
  81  7:16  Drone  
  81  7:17  Drone x2  
  84  7:23  Drone x5  
  89  7:30  Drone  
  88  7:50  Drone x2  
  90  7:51  Extractor  
  90  7:53  Drone  
  90  7:54  Extractor  
  89  7:59  Drone  
  89  8:00  Drone x2  
  89  8:04  Drone x3  
  95  8:06  Drone  
  95  8:07  Overlord x3  
  96  8:22  Overlord x2  
  96  8:32  Evolution Chamber x2  
  94  8:37  Ultralisk Cavern  
  94  8:40  Drone x3  
  96  8:45  Drone x2  
  96  8:47  Drone x3  
  101  9:05  Overlord x3  
  101  9:22  Zerg Melee Weapons Level 1  
  101  9:23  Chitinous Plating, Zerg Ground Armor Level 1, Adrenal Glands  
  101  9:25  Ultralisk x2  
  101  9:26  Ultralisk  
  119  9:38  Overseer x2  
  119  10:02  Ultralisk  
  119  10:03  Overlord, Ultralisk x3  
  143  10:24  Hatchery  
  142  10:56  Ultralisk  
  142  10:57  Overlord, Ultralisk x4  
  166  11:02  Pneumatized Carapace  
  171  11:12  Zergling x4  
  171  11:13  Zergling x8  
  175  11:26  Zerg Melee Weapons Level 2  
  175  11:27  Anabolic Synthesis, Zerg Ground Armor Level 2  
  175  11:33  Extractor  
  175  11:35  Extractor  
  175  11:39  Drone x2  
  175  11:43  Overlord  
  106  12:18  Ultralisk x2  
  106  12:19  Zergling x4, Ultralisk x2  
  127  12:28  Ultralisk  
  127  12:29  Zergling x8  
  122  12:30  Zergling x6  
  98  12:45  Ultralisk  
  104  12:56  Zergling x10  
  107  13:13  Zergling x10  
  80  13:46  Ultralisk  
  80  13:47  Zergling x4, Ultralisk x3  
  86  13:58  Zergling x4, Ultralisk x2  
  88  14:08  Drone  
  89  14:16  Zergling x8  
  90  14:49  Ultralisk x4  
  90  14:50  Ultralisk x2  
  122  15:03  Ultralisk x4  
  109  15:15  Zergling x8  
  109  15:16  Zergling x12  
  119  15:26  Ultralisk x2  
  127  15:43  Ultralisk  
  127  15:44  Ultralisk x4  
  146  15:50  Zergling x4  
  147  16:03  Ultralisk x2  
  159  16:16  Ultralisk x2  
  171  16:19  Overlord  
  171  16:22  Ultralisk x3  
  151  16:37  Zergling x2  
  151  16:38  Zergling x10  
  139  16:45  Zergling x8  
Show
View Real Time Build Order
Export as new Build Order

Nyck Terran - Winner!

Build Orders: Reaper Expand 

Get SALT Encoding   

  12  0:00  SCV  
  13  0:12  SCV  
  14  0:19  Supply Depot  
  14  0:26  SCV  
  15  0:41  SCV  
  16  0:43  Barracks  
  16  0:53  SCV  
  16  0:55  Refinery  
  17  1:16  SCV  
  18  1:30  Orbital Command  
  18  1:33  Barracks  
  18  1:38  Reaper  
  19  1:41  Refinery  
  20  2:01  SCV  
  20  2:06  Command Center  
  20  2:14  SCV  
  21  2:21  Supply Depot  
  21  2:27  Marine x2  
  23  2:34  Barracks  
  23  2:43  SCV  
  24  2:55  SCV  
  25  3:07  SCV  
  25  3:10  Factory  
  26  3:13  Barracks Tech Lab  
  26  3:15  Barracks Reactor  
  26  3:19  SCV  
  27  3:20  Orbital Command  
  27  3:25  Barracks Reactor  
  27  3:31  SCV  
  28  3:36  Engineering Bay  
  28  3:37  Engineering Bay  
  28  3:43  SCV  
  28  3:46  Combat Shield  
  29  3:49  SCV  
  29  3:54  Marine x2  
  32  4:06  Starport  
  32  4:07  Factory Reactor  
  32  4:11  Armory  
  32  4:14  SCV x2  
  34  4:23  Terran Infantry Weapons Level 1  
  34  4:25  Terran Infantry Armor Level 1  
  34  4:26  SCV x2  
  36  4:33  Refinery  
  36  4:37  Refinery  
  36  4:38  SCV x2  
  38  4:42  Marine x3  
  38  4:44  Marine  
  38  4:45  Marine  
  43  4:55  Starport  
  43  5:08  Marine x3  
  46  5:16  Supply Depot  
  46  5:21  Stimpack  
  46  5:37  SCV x2, Marine x2  
  46  5:39  Supply Depot  
  50  5:47  Marine x3  
  50  5:49  SCV  
  54  5:52  Starport Reactor  
  54  6:00  SCV, Marine  
  54  6:01  Supply Depot  
  54  6:02  Command Center  
  54  6:03  Marine  
  57  6:12  SCV  
  57  6:15  SCV  
  57  6:18  Terran Infantry Weapons Level 2  
  59  6:19  Terran Infantry Armor Level 2  
  59  6:24  Marine  
  59  6:25  Marine x3  
  59  6:33  SCV  
  59  6:34  SCV  
  59  6:37  Marine  
  59  6:39  Medivac  
  64  6:42  Marine x2, Medivac  
  68  6:48  Supply Depot  
  68  6:50  SCV  
  69  6:54  SCV  
  69  7:01  Terran Vehicle And Ship Armor Level 1  
  70  7:07  Supply Depot  
  70  7:09  Marine x3  
  70  7:15  Planetary Fortress  
  73  7:19  SCV x2  
  73  7:22  Marine  
  76  7:23  Marine  
  76  7:29  Marine  
  78  7:30  Marine  
  78  7:31  Marine  
  80  7:37  Supply Depot  
  80  7:40  SCV  
  80  7:41  SCV  
  82  7:44  Supply Depot  
  82  7:48  Marine x2  
  84  7:51  Marine x2  
  84  7:53  SCV x2  
  84  7:54  SCV  
  89  7:59  Refinery  
  89  8:01  Refinery  
  89  8:05  SCV x2, Marine  
  90  8:06  SCV  
  90  8:11  Marine x4  
  97  8:13  Medivac  
  97  8:14  Medivac  
  101  8:23  Marine  
  102  8:35  Terran Infantry Weapons Level 3  
  102  8:36  Terran Infantry Armor Level 3  
  102  8:39  Marine  
  102  8:40  Marine x3  
  102  8:41  Marine  
  106  8:43  Medivac x2  
  106  8:44  Medivac  
  106  8:47  Supply Depot  
  113  8:49  SCV  
  113  8:50  SCV x2  
  113  8:53  Command Center  
  116  8:57  Marine  
  116  8:58  Terran Vehicle And Ship Armor Level 2  
  117  9:11  SCV x3  
  117  9:15  Marine x3  
  117  9:16  Marine x2  
  125  9:20  Supply Depot  
  125  9:25  Supply Depot  
  125  9:42  SCV x3, Medivac x2  
  132  9:45  Supply Depot  
  132  9:48  Supply Depot  
  132  9:49  Marine x4  
  132  9:50  Marine  
  132  9:52  Medivac x2  
  141  10:05  SCV x4  
  145  10:07  Marine, Command Center  
  145  10:08  Marine x3  
  145  10:09  Marine  
  145  10:11  Supply Depot  
  150  10:18  Orbital Command  
  150  10:25  Marine x2  
  150  10:26  Marine x2, Medivac x2  
  150  10:27  Medivac  
  160  10:29  Marine  
  160  10:35  Supply Depot  
  161  10:41  Barracks  
  161  10:43  Marine  
  161  10:47  SCV x3  
  161  10:48  SCV  
  166  10:56  Refinery  
  166  10:58  Supply Depot  
  166  10:59  SCV x2, Marine x2, Refinery  
  166  11:00  SCV x2, Marine x2  
  166  11:01  Marine  
  170  11:17  Marine x3  
  170  11:18  Marine  
  174  11:19  Marine  
  174  11:22  Supply Depot  
  175  11:27  Barracks Reactor  
  175  11:30  Barracks  
  175  11:33  Medivac  
  175  11:34  Medivac x3  
  175  11:35  Marine x4  
  175  11:37  SCV x4, Marine  
  192  11:40  Terran Vehicle And Ship Armor Level 3  
  192  11:53  Marine x4  
  196  11:54  Marine  
  192  12:11  Marine x4  
  195  12:18  Barracks  
  114  12:49  Marine  
  114  12:50  Marine x4  
  114  12:51  Marine x2  
  118  12:55  Barracks Reactor  
  120  13:07  Marine  
  120  13:08  Marine x5  
  120  13:09  Marine  
  127  13:13  Barracks Reactor  
  126  13:25  Marine x3  
  126  13:26  Marine x3  
  126  13:27  Marine  
  133  13:43  Marine x5  
  133  13:44  Marine x4  
  140  13:59  Marine x2  
  140  14:00  Marine  
  140  14:01  Marine x5  
  140  14:02  Marine x3  
  139  14:16  Marine  
  137  14:17  Marine  
  137  14:18  Marine x2  
  137  14:19  Marine x5  
  137  14:20  Marine x2  
  148  14:34  Marine  
  148  14:35  Marine  
  148  14:36  Marine x2  
  148  14:37  Marine x5  
  148  14:38  Marine x2  
  159  14:41  Medivac  
  159  14:42  Medivac x3  
  167  14:52  Marine  
  150  14:53  Marine  
  150  14:54  Marine x5  
  150  14:55  Marine x3  
  150  14:56  Marine  
  128  15:10  Marine x2  
  128  15:11  Medivac  
  128  15:12  Marine x5, Medivac x3  
  128  15:13  Marine x4  
  136  15:28  Marine x2  
  124  15:29  Marine  
  124  15:30  Marine x4  
  124  15:31  Marine x4  
  119  15:41  Medivac  
  119  15:42  Medivac x3  
  127  15:46  Marine x2  
  127  15:47  Marine x2  
  127  15:48  Marine x4  
  127  15:49  Marine x3  
  138  16:03  Marine  
  139  16:04  Marine  
  139  16:05  Marine x2  
  139  16:06  Marine x5  
  139  16:07  Marine x2  
  149  16:11  Medivac  
  151  16:21  Marine  
  151  16:22  Marine  
  151  16:23  Marine x4  
  151  16:24  Marine x4  
  151  16:25  Marine  
  157  16:26  Supply Depot  
  154  16:39  Marine x2  
  148  16:41  Marine x5  
  148  16:42  Marine x3  
  148  16:43  Marine  
  154  16:49  Supply Depot  
  154  16:57  Marine x2  
  154  16:59  Marine x5  
  154  17:00  Marine x4  
  165  17:14  Supply Depot  
Show
View Real Time Build Order
Export as new Build Order

RooX Zerg 

Build Orders: Pool First 

Get SALT Encoding   

  12  0:02  Drone  
  13  0:17  Overlord  
  13  0:22  Drone  
  14  0:36  Drone x2  
  16  0:48  Drone  
  17  0:52  Spawning Pool  
  17  0:53  Drone  
  17  1:01  Drone  
  18  1:15  Hatchery  
  17  1:19  Drone  
  17  1:20  Extractor  
  17  1:31  Overlord  
  17  1:34  Drone  
  18  1:43  Queen  
  18  1:45  Drone  
  21  1:55  Drone  
  22  2:05  Drone  
  23  2:18  Queen  
  26  2:22  Drone  
  26  2:24  Metabolic Boost  
  26  2:28  Queen  
  28  2:34  Drone  
  28  2:35  Drone  
  30  2:46  Extractor  
  29  3:04  Drone x4  
  29  3:05  Drone x3  
  36  3:09  Spine Crawler  
  35  3:13  Evolution Chamber  
  34  3:24  Drone x2  
  36  3:28  Overlord x2  
  36  3:40  Hatchery  
  35  3:46  Zerg Ground Armor Level 1  
  35  3:57  Drone x4  
  35  3:59  Drone  
  40  4:07  Drone x3  
  40  4:08  Drone  
  44  4:15  Baneling Nest  
  44  4:16  Drone  
  44  4:17  Drone  
  45  4:30  Lair  
  45  4:33  Drone x2  
  45  4:34  Drone  
  45  4:35  Zergling x2, Extractor  
  45  4:36  Overlord  
  48  4:39  Overlord  
  48  4:42  Zergling x2  
  48  4:43  Zergling x2  
  48  4:44  Zergling x2  
  51  4:46  Zergling x2  
  50  4:58  Zergling x12  
  56  5:13  Drone  
  55  5:15  Evolution Chamber  
  54  5:22  Zergling x16  
  54  5:25  Queen  
  64  5:37  Drone x6  
  70  5:43  Zerg Melee Weapons Level 1  
  70  5:45  Infestation Pit, Zerg Ground Armor Level 2  
  70  5:48  Drone  
  70  5:49  Drone  
  71  5:51  Drone  
  71  5:52  Drone  
  73  6:00  Overlord x2  
  73  6:02  Overlord  
  73  6:10  Drone  
  72  6:24  Spore Crawler  
  64  6:26  Spore Crawler x2  
  64  6:27  Spore Crawler  
  64  6:28  Spore Crawler  
  64  6:30  Spore Crawler  
  44  6:35  Drone  
  44  6:37  Drone x3  
  43  6:53  Hatchery  
  42  6:54  Spore Crawler  
  42  6:57  Spore Crawler x2  
  39  7:02  Hive  
  39  7:03  Zergling x12  
  39  7:06  Drone  
  39  7:07  Drone  
  47  7:09  Drone  
  48  7:24  Zergling x2  
  48  7:25  Zergling x12  
  55  7:35  Zergling x4  
  55  7:36  Zergling x6  
  60  7:43  Queen  
  62  7:53  Zerg Melee Weapons Level 2  
  62  7:54  Zergling x6  
  62  7:55  Zergling x2  
  62  7:56  Zergling x2  
  62  7:58  Zergling x2  
  68  8:00  Zergling x2  
  68  8:02  Zergling x2  
  68  8:03  Zergling x2  
  68  8:05  Zergling x2  
  72  8:18  Ultralisk Cavern  
  71  8:21  Zergling x2  
  71  8:22  Zergling x10  
  77  8:29  Adrenal Glands  
  77  8:31  Zergling x2  
  77  8:32  Zergling x2  
  79  8:35  Drone  
  79  8:40  Drone  
  79  8:41  Drone x2  
  83  8:53  Zerg Ground Armor Level 3  
  83  8:56  Zergling x2  
  83  8:57  Zergling x4  
  83  8:59  Drone  
  83  9:01  Drone  
  88  9:03  Drone  
  88  9:05  Drone  
  88  9:07  Drone  
  91  9:13  Zergling x2  
  91  9:14  Zergling x4  
  94  9:22  Zergling x2  
  94  9:24  Chitinous Plating  
  95  9:43  Overlord x4  
  95  9:57  Drone x3  
  98  10:11  Drone x3  
  98  10:12  Drone x2, Spore Crawler  
  98  10:13  Hatchery  
  101  10:14  Spore Crawler, Ultralisk  
  101  10:16  Spore Crawler  
  101  10:18  Spore Crawler  
  104  10:21  Ultralisk  
  110  10:42  Anabolic Synthesis  
  110  10:45  Ultralisk x2  
  110  10:46  Ultralisk  
  128  10:51  Zerg Melee Weapons Level 3  
  128  10:55  Spore Crawler  
  121  11:10  Ultralisk  
  121  11:11  Ultralisk  
  102  11:25  Ultralisk  
  102  11:35  Extractor  
  102  11:38  Ultralisk x3  
  102  11:39  Drone  
  121  11:40  Drone  
  121  11:42  Drone  
  122  11:53  Ultralisk  
  86  12:18  Ultralisk  
  74  12:24  Zergling x2  
  74  12:25  Zergling x24  
  73  12:43  Drone x2  
  73  12:44  Drone x5  
  74  12:53  Drone  
  74  12:54  Drone x3  
  74  12:56  Drone  
  79  13:12  Hatchery  
  78  13:19  Zergling x2  
  79  13:20  Zergling x4  
  81  13:29  Ultralisk  
  74  13:45  Ultralisk  
  74  13:46  Zergling x10  
  67  14:04  Ultralisk  
  67  14:05  Zergling x2, Ultralisk  
  67  14:07  Zergling x2  
  80  14:15  Zergling x2  
  80  14:16  Zergling x8  
  83  14:20  Extractor  
  80  14:26  Drone x2  
  80  14:27  Drone x4  
  83  14:35  Zergling x2  
  83  14:36  Zergling x8  
  88  14:46  Ultralisk  
  86  15:00  Ultralisk  
  89  15:08  Ultralisk  
  88  15:16  Ultralisk  
  88  15:18  Ultralisk  
  94  15:38  Ultralisk x2  
  88  16:06  Extractor  
  88  16:07  Extractor  
  80  16:11  Ultralisk  
  84  16:25  Ultralisk  
  70  16:26  Zergling x2  
  70  16:27  Zergling x16  
  70  16:28  Zergling x4  
  81  16:37  Zergling x2  
  77  16:41  Ultralisk  
Show
View Real Time Build Order
Export as new Build Order

Punchedify Terran 

Build Orders:  

Get SALT Encoding   

  12  0:00  SCV  
  13  0:12  SCV  
  14  0:18  Supply Depot  
  14  0:24  SCV  
  15  0:40  SCV  
  15  0:41  Barracks  
  16  0:46  Refinery  
  16  0:52  SCV  
  17  1:04  SCV  
  18  1:16  SCV  
  19  1:28  Marine  
  19  1:29  Orbital Command  
  20  1:42  Command Center  
  20  1:51  Marine  
  20  1:53  Supply Depot  
  21  1:55  SCV  
  22  2:09  SCV  
  22  2:11  Barracks Reactor  
  23  2:19  Factory  
  23  2:21  SCV  
  24  2:24  Refinery  
  24  2:33  SCV  
  25  2:45  SCV  
  26  2:57  Marine x2  
  28  2:59  Orbital Command  
  28  3:00  SCV  
  28  3:04  Supply Depot, Factory Tech Lab  
  29  3:06  Starport  
  29  3:12  SCV  
  30  3:17  Marine x2  
  32  3:27  Barracks  
  32  3:28  Siege Tank  
  36  3:34  SCV  
  36  3:35  SCV  
  37  3:41  Marine  
  37  3:42  Marine  
  37  3:47  Medivac  
  41  3:55  SCV x2  
  42  3:56  Supply Depot  
  42  3:59  Marine  
  44  4:03  Marine  
  44  4:07  SCV  
  44  4:08  SCV  
  47  4:15  Barracks Tech Lab  
  47  4:22  SCV, Command Center  
  48  4:24  SCV  
  48  4:26  Marine  
  50  4:31  Marine  
  50  4:34  SCV  
  50  4:35  Stimpack  
  50  4:37  SCV  
  53  4:43  Marauder  
  53  4:44  Marine  
  56  4:46  SCV  
  57  4:54  SCV  
  57  4:55  Marine  
  57  4:58  SCV, Medivac  
  62  5:08  Supply Depot  
  62  5:10  Supply Depot, Marauder  
  62  5:12  Engineering Bay  
  64  5:15  SCV  
  64  5:16  SCV  
  64  5:17  Marine x2  
  68  5:27  Supply Depot  
  68  5:30  Siege Tank, Engineering Bay  
  68  5:31  Marine  
  68  5:33  Armory  
  72  5:40  Orbital Command, Refinery  
  72  5:41  SCV x2  
  74  5:48  Supply Depot, Marine  
  74  5:49  Marine  
  76  5:53  SCV x2  
  76  5:56  Marauder  
  80  6:00  Terran Infantry Weapons Level 1  
  80  6:02  Terran Infantry Armor Level 1  
  80  6:05  SCV  
  81  6:15  Combat Shield  
  81  6:16  Marine x2  
  81  6:17  Marine  
  84  6:26  Missile Turret  
  84  6:27  Orbital Command  
  84  6:30  Missile Turret x2  
  84  6:32  Missile Turret  
  84  6:34  Marine, Missile Turret  
  84  6:36  Marauder  
  84  6:39  SCV, Marine  
  89  6:45  Medivac  
  91  6:50  Terran Vehicle Weapons Level 1, Missile Turret  
  91  6:52  Marine  
  92  6:56  Marine  
  92  6:58  SCV x2  
  95  7:10  Supply Depot, Refinery  
  95  7:12  Supply Depot, Marine x2  
  95  7:14  Marine  
  98  7:15  Supply Depot  
  98  7:19  SCV x2  
  98  7:20  SCV  
  101  7:30  Marine x2  
  101  7:31  SCV  
  98  7:37  SCV  
  98  7:38  SCV, Marine  
  98  7:43  SCV  
  90  7:47  Marine  
  90  7:48  Marine  
  92  7:56  Marine  
  93  8:00  Missile Turret  
  93  8:05  Marine x2  
  93  8:06  Terran Infantry Weapons Level 2  
  93  8:07  Terran Infantry Armor Level 2  
  95  8:13  Marine  
  95  8:15  Barracks  
  95  8:18  Command Center  
  95  8:19  Barracks  
  96  8:27  SCV x2, Marine x2  
  96  8:28  SCV  
  96  8:31  Marine  
  101  8:39  SCV  
  102  8:44  Barracks  
  102  8:45  SCV x2, Marine  
  105  8:50  Barracks  
  105  8:51  SCV  
  106  8:56  Missile Turret  
  106  8:57  Missile Turret  
  106  8:58  SCV, Marine  
  109  9:03  Marine  
  110  9:12  Barracks Reactor  
  110  9:19  Barracks Reactor  
  110  9:22  Marine x3  
  112  9:24  SCV x3  
  112  9:30  Refinery  
  115  9:31  Refinery  
  115  9:32  Supply Depot x2  
  115  9:35  SCV  
  115  9:36  SCV x3  
  119  9:40  Marine x3  
  119  9:41  Barracks Reactor  
  119  9:43  Siege Tank, Medivac  
  127  9:47  Terran Vehicle Weapons Level 2  
  127  9:48  SCV  
  127  9:50  Marine  
  127  9:51  Marine  
  131  9:53  SCV  
  131  9:55  SCV  
  131  9:56  Orbital Command, Missile Turret  
  131  9:58  Marine x3  
  135  10:01  SCV  
  135  10:03  Supply Depot x2  
  135  10:06  SCV  
  137  10:08  Marine x2  
  137  10:11  SCV, Marine x2  
  142  10:15  Marine  
  142  10:16  Marine x2  
  142  10:17  Marine x2  
  142  10:18  Command Center  
  142  10:20  Medivac  
  149  10:26  Marine x2  
  151  10:29  Marine x2  
  151  10:33  Marine x2  
  151  10:34  Marine x3  
  158  10:42  SCV  
  159  10:44  Siege Tank, Marine x2  
  159  10:46  Marine  
  159  10:47  Marine  
  166  10:50  Medivac  
  166  10:51  Marine x2  
  166  10:52  Marine x3  
  172  11:01  Marine  
  172  11:02  Marine  
  174  11:04  Marine x2  
  174  11:09  Marine x3  
  174  11:10  Marine x2  
  181  11:13  Barracks Reactor  
  181  11:14  Factory  
  181  11:16  Siege Tank  
  184  11:19  Marine  
  184  11:20  Marine, Medivac  
  184  11:23  Ghost Academy  
  188  11:29  Orbital Command  
  188  11:30  Marine x7  
  188  11:31  Terran Infantry Weapons Level 3  
  188  11:32  Terran Infantry Armor Level 3  
  195  11:39  Marine  
  196  11:40  Marine  
  196  11:44  Concussive Shells  
  197  11:48  Marine  
  197  11:49  Marauder  
  190  12:10  Marauder  
  158  12:31  Marauder  
  160  12:39  Marine x4  
  160  12:40  Marine x6  
  169  12:52  Marine  
  169  12:56  SCV x2  
  169  12:57  Marine x10  
  182  12:59  Medivac  
  182  13:01  Factory Tech Lab  
  184  13:10  Marine  
  182  13:14  Marine  
  182  13:15  Marine x9  
  184  13:28  Marine  
  184  13:29  Medivac  
  184  13:32  Marine  
  184  13:33  Marine x9  
  197  13:46  Marine  
  197  13:50  Marine  
  197  13:51  Marine x9  
  190  14:01  Medivac  
  167  14:03  Widow Mine  
  167  14:04  Siege Tank, Marine  
  167  14:08  Marine x2  
  167  14:09  Marine x8  
  139  14:21  Marine  
  132  14:24  Siege Tank  
  132  14:26  Marine x8  
  132  14:27  Marine x2  
  139  14:36  Siege Tank  
  142  14:39  Marine  
  142  14:44  Marine x10  
  138  14:56  Siege Tank  
  138  14:57  Marine  
  138  15:01  Marine  
  138  15:02  Marine x9  
  145  15:08  Siege Tank  
  148  15:15  Marine  
  148  15:16  Medivac  
  148  15:19  Marine  
  148  15:20  Marine x9  
  161  15:28  Siege Tank  
  161  15:33  Marine  
  165  15:37  Marine  
  165  15:38  Marine x9  
  165  15:41  Siege Tank  
  176  15:46  Medivac  
  161  15:50  Marine  
  161  15:55  Marine x6  
  161  15:56  Marine x3  
  155  16:00  Siege Tank  
  153  16:10  Marine  
  151  16:13  Siege Tank  
  151  16:16  Medivac  
  120  16:30  Marine  
  120  16:31  Marine x10  
  85  16:46  Medivac  
  83  16:48  Marine  
  83  16:49  Marine x6  
  83  16:51  Marine x3  
  85  16:56  Marine  
  86  17:06  Marine x4  
  86  17:07  Marine x3  
  87  17:09  Marine x3  
Tags
 
Add a new tag
Caveats
  • Supply blocks, unpowered buildings, or Contaminate may cause inaccurate times.
  • Supply counts are checked every 10 seconds.